 Dungeon Crawl Stone Soup version 0.32-a0-918-g0f22ef8d61 (webtiles) character file.

Game seed: 2430346787355340622

63 Aldia the Apothecary (level 4, 0/42 HPs)
             Began as an Octopode Alchemist on Apr 11, 2024.
             Succumbed to a kobold brigand's curare-tipped dart
             ... in a sewer.
             The game lasted 00:02:32 (1072 turns).

Aldia the Apothecary (Octopode Alchemist)           Turns: 1072, Time: 00:02:33

Health: 0/42       AC: 22    Str:  7    XL:     4   Next: 10%
Magic:  4/7        EV:  2    Int: 19    God:
Gold:   51         SH:  0    Dex: 12    Spells: 2/8 levels left

rFire   . . .        j - +0 short sword (venom)
rCold   . . .        (no shield)
rNeg    . . .        (helmet currently unavailable)
rPois   +            (no amulet)
rElec   .            e - +5 ring of evasion
rCorr   .            (no ring)
SInv    .            (no ring)
Will    .....        (no ring)
Stlth   ++           (no ring)
HPRegen 0.27/turn    (no ring)
MPRegen 0.10/turn    (no ring)
                     (no ring)

%: no passive effects
@: lethally poisoned (0 -> -10), tree-form, slowed, constricted, very slow
A: stationary, stasis, torment immunity, boosted hp, almost no armour,
(amphibious), 8 rings, (camouflage 1), (gelatinous body 1), (nimble swimmer 1),
(tentacles)
a: no special abilities


You were in a sewer.
You were a tree.
You visited 1 branch of the dungeon, and saw 4 of its levels.
You also visited: Sewer.

You collected 51 gold pieces.

Inventory:

Hand Weapons
 j - a +0 short sword of venom (weapon)
Jewellery
 e - a +5 ring of evasion (left branch)
Scrolls
 b - a scroll of identify {unknown}
 d - a scroll of fog {unknown}
 i - a scroll of enchant weapon {unknown}
Potions
 a - a potion of magic
 c - a potion of cancellation {unknown}
 f - a potion of curing {unknown}
 g - a potion of haste {unknown}
 h - a potion of lignification


   Skills:
 + Level 1.1 Fighting
 - Level 2.0 Dodging
 - Level 3.0 Stealth
 + Level 2.5 Spellcasting
 + Level 1.3 Conjurations
 + Level 1.0 Air Magic
 + Level 4.1 Alchemy


You had 2 spell levels left.
You knew the following spells:

 Your Spells              Type           Power      Damage    Failure   Level
a - Sting                 Conj/Alch      48%        1d6       5%          1
b - Mercury Vapours       Alch/Air       24%        N/A       9%          2
c - Mephitic Cloud        Conj/Alch/Air  10%        N/A       21%         3

Your spell library contained the following spells:

 Spells                   Type           Power      Damage    Failure   Level
 Static Discharge         Conj/Air       12%        3-4/arc   14%         2
 Sandblast                Erth           4%         2d4       16%         1
 Summon Small Mammal      Summ           8%         N/A       16%         1
 Olgreb's Toxic Radiance  Alch           18%        N/A       28%         4
 Stone Arrow              Conj/Erth      8%         3d7       36%         3
 Call Canine Familiar     Summ           2%         N/A       43%         3
 Sticky Flame             Fire/Alch      10%        2d5       56%         4
 Airstrike                Air            3%         2d(1-17)  71%         4
 Brom's Barrelling Bould  Conj/Erth      4%         2d3       77%         4
 Summon Lightning Spire   Summ/Air       4%         N/A       77%         4
 Summon Blazeheart Golem  Fire/Summ      2%         N/A       85%         4


Dungeon Overview and Level Annotations

Branches:
Dungeon (4/15)              Sewer (1/1)
 Temple: D:4-7

Altars:


Innate Abilities, Weirdness & Mutations

You are a tree.
Your roots penetrate the ground, keeping you stationary.
You cannot be teleported.
You are immune to unholy pain and torment.
Your maximum health is greatly increased.
You cannot wear most types of armour.
((You are amphibious.))
You can wear up to eight rings at the same time.
((Your skin changes colour to match your surroundings (Stealth+).))
((Your rubbery body absorbs attacks. (AC +1, EV +1)))
((You are camouflaged when in or above water. (Stealth+)))
((You have tentacles for arms and can constrict up to eight enemies at once.))


Message History

You kill the rat!
A nearby plant withers and dies.
The kobold brigand throws a curare-tipped dart.
The curare-tipped dart closely misses you.
The ball python misses you. The ball python closely misses you.
Casting: Sting (safe; 5% risk of failure)
Confirm with . or Enter, or press ? or * to list all spells.
Aiming: Mercury Vapours (safe; 9% risk of failure)
Press: ? - help, Dir - move target, f - kobold brigand
Aim: a kobold brigand, wielding a +0 dagger and quivering curare-tipped darts (chance to weaken: 72%) Fumes of mercury billow around the kobold brigand!
The kobold brigand is poisoned.
The kobold brigand looks weaker.
The ball python misses you. The ball python barely misses you.
Unknown command.
Casting: Mercury Vapours (safe; 9% risk of failure)
Confirm with . or Enter, or press ? or * to list all spells.
Aiming: Sting (safe; 5% risk of failure)
Press: ? - help, Shift-Dir - straight line, f/p - kobold brigand
Aim: a kobold brigand, wielding a +0 dagger and quivering curare-tipped darts (very poisoned, weak, 64% to hit)
The sting misses the kobold brigand.
The ball python completely misses you. The ball python grabs you.
The ball python constricts you.
The kobold brigand throws a curare-tipped dart.
The curare-tipped dart hits you.
You are poisoned.
You have difficulty breathing.
You feel yourself slow down. The river rat bites you!
* * * LOW HITPOINT WARNING * * *
The ball python completely misses you. The ball python constricts you.
* * * LOW HITPOINT WARNING * * *
Unknown command.
Casting: Sting (safe; 5% risk of failure)
Confirm with . or Enter, or press ? or * to list all spells.
Aiming: Sting (safe; 5% risk of failure)
Press: ? - help, Shift-Dir - straight line, f/p - kobold brigand
Aim: a kobold brigand, wielding a +0 dagger and quivering curare-tipped darts (lightly wounded, very poisoned, weak, 64% to hit)
Okay, then.
Okay, then.
It was a potion of lignification.
You turn into a tree.
Your roots penetrate the ground.
You die...

.~. #~# #....~~# ~.~#
#~# ##.~~~.## ..~~#
#~######~.....#
...~.####~##.~~~..~.~.#
.~~.~~..#~#~~..#~#~...#
#P.~.~~...).~..#~#~~~~~#
P~P.~~.~...P~~~#~#~..P.#
#.P.~.S.†~.PP..#~#~~P.P#
≈~~..~.♣.K#~#.~#?#.PP.##
≈~..~.~r.~#~#########~.
≈~.~...~..#~#
≈≈~~Pr...~#~#
≈≈~.~P..~.#~.
####..P~..# ~~P~..~#
##P~~~..#


You could see a kobold brigand (very poisoned, weak), 2 river rats and a ball
python.

Vanquished Creatures
  A gnoll (D:1)
  3 adders
  A dart slug (D:4)
  2 ball pythons (D:1)
  An endoplasm (D:1)
  5 giant cockroaches
  A hobgoblin (D:1)
  3 jackals (Sewer)
  A kobold (Sewer)
  A quokka (D:1)
  A frilled lizard (D:1)
  A goblin (D:1)
  4 rats
25 creatures vanquished.

Notes
Turn   | Place    | Note
-------+----------+-------------------------------------------
     0 | D:1      | Aldia the Octopode Alchemist began the quest for the Orb.
     0 | D:1      | Reached XP level 1. HP: 11/11 MP: 3/3
   257 | D:1      | Reached XP level 2. HP: 17/17 MP: 1/5
   476 | D:1      | Learned a level 2 spell: Mercury Vapours
   730 | D:2      | Reached XP level 3. HP: 22/22 MP: 4/6
   739 | D:2      | Learned a level 3 spell: Mephitic Cloud
   862 | D:2      | You fall into a shaft and drop 2 floors!
   886 | D:4      | Reached skill level 4 in Alchemy
   977 | D:3      | Found a glowing drain.
  1011 | Sewer    | Entered a sewer
  1023 | Sewer    | Reached skill level 1 in Fighting
  1023 | Sewer    | Reached skill level 1 in Air Magic
  1055 | Sewer    | Reached XP level 4. HP: 28/28 MP: 7/7
  1055 | Sewer    | Noticed a kobold brigand
  1072 | Sewer    | Succumbed to a kobold brigand's curare-tipped dart

Illustrated notes

Levels and vault maps discovered:
D:1:      psy_arrival_basics, layout_basic
D:2:      layout_loops_corners, kennysheep_jessica_study
D:3:      layout_loops_ring, shapermc_ecumenical_altar_venn,
          gup_sewer_entry_glass
D:4:      layout_basic, minmay_temple_entry_large_hall, grunt_ministairs_14
Sewer:    sewer_co_scattered_pipes

Skill      XL: |  1  2  3 |
---------------+----------+-----
Stealth        | 3 |  3.0
Alchemy        | 4 |  4.1
Fighting       | 1 |  1.1
Air Magic      | 1 |  1.0
Dodging        | |  2.0
Spellcasting   | |  2.5
Conjurations   | |  1.3

Action                     |  1- 3 |  4- 6 || total
---------------------------+-------+-------++-------
  Melee: Constrict         |     6 |     2 ||     8
         Club              |     3 |       ||     3
         Tentacles         |     3 |     1 ||     4
         Short sword       |    18 |    10 ||    28
   Cast: Sting             |    18 |     1 ||    19
         Mercury Vapours   |       |     1 ||     1
    Use: Potion            |       |     1 ||     1
   Stab: Sleeping          |     4 |       ||     4
 Armour: Skin              |     6 |     7 ||    13
  Dodge: Dodged            |    17 |    19 ||    36

Table legend: (Time is in decaauts)
 A = Elapsed time spent in this place.
 B = Non-inter-level travel time spent in this place.
 C = Inter-level travel time spent in this place.
 D = Time resting spent in this place.
 E = Time spent auto-exploring this place.
 F = Levels seen in this place.
 G = Mean time per level.
                   A        B        C        D        E       F      G
               +--------+--------+--------+--------+--------+-----+--------+
         Total |   1069 |   1029 |     40 |      0 |    802 |   5 |  213.8 |
       Dungeon |   1008 |    968 |     40 |      0 |    777 |   4 |  252.0 |
         Sewer |     60 |     60 |      0 |      0 |     25 |   1 |   60.0 |
               +--------+--------+--------+--------+--------+-----+--------+

Top non-repeatable levels by time:
     D:1: 715 daAuts
     D:2: 144 daAuts
     D:4: 114 daAuts
   Sewer: 60 daAuts
     D:3: 33 daAuts
